 Dungeon Crawl Stone Soup version 0.31-a0-321-g19405a7a6a (webtiles) character file.

Game seed: 12918245242231920085

2534 HallandMoats the Trooper (level 9, -7/72 HPs)
             Began as a Demonspawn Fighter on July 17, 2023.
             Was a Follower of Qazlal.
             Mangled by a two-headed ogre
             ... wielding a +0 dire flail
              (19 damage)
             ... on level 8 of the Dungeon.
             The game lasted 00:13:43 (6409 turns).

HallandMoats the Trooper (Demonspawn Fighter)       Turns: 6409, Time: 00:13:45

Health: -7/72      AC: 10    Str: 26    XL:     9   Next: 30%
Magic:  12/12      EV: 13    Int: 10    God:    Qazlal [*.....]
Gold:   80         SH:  7    Dex: 15    Spells: 8/8 levels left

rFire   . . .        b - +5 short sword "Sunouhei" {elec, Stlth+}
rCold   . . .        c - +0 buckler
rNeg    . . .        G - +1 leather armour {Will+}
rPois   +            (helmet restricted)
rElec   .            d - +0 cloak
rCorr   .            g - +2 pair of gloves
SInv    .            I - +0 pair of boots
Will    +....        (no amulet)
Stlth   +++          e - +6 ring of strength
HPRegen 0.32/turn    l - ring of poison resistance
MPRegen 0.26/turn

%: no passive effects
@: no status effects
A: horns 1, thin skeletal structure 1, powered by death 1, magic regeneration
a: Renounce Religion


You were on level 8 of the Dungeon.
You worshipped Qazlal.
Qazlal was aware of your devotion.
You visited 2 branches of the dungeon, and saw 9 of its levels.
You also visited: Ossuary.

You collected 346 gold pieces.
You spent 266 gold pieces at shops.

Inventory:

Hand Weapons
 a - a +0 war axe
 b - the +5 short sword "Sunouhei" (weapon) {elec, Stlth+}
   (You found it on level 2 of the Dungeon)

   Stlth:     It makes you more stealthy.
Armour
 c - a +0 buckler (worn)
 d - a +0 cloak (worn)
 g - a +2 pair of gloves (worn)
 i - the +0 pair of boots of Nuenucakk {MP+9 Str-5 Int+5}
   (You bought it in a shop on level 3 of the Dungeon)

   Str:       It affects your strength (-5).
   Int:       It affects your intelligence (+5).
   MP:        It affects your magic capacity (+9).
 G - a +1 leather armour of willpower (worn)
 I - a +0 pair of boots (worn)
Jewellery
 e - a +6 ring of strength (left hand)
 l - a ring of poison resistance (right hand)
 r - a ring of positive energy
Wands
 j - a wand of iceblast (11)
 s - a wand of flame (21)
 C - a wand of charming (6)
Scrolls
 k - 2 scrolls of amnesia
 p - 2 scrolls of enchant weapon
 t - 3 scrolls of fog
 x - 2 scrolls of immolation
Potions
 o - a potion of resistance {unknown}
 q - 2 potions of brilliance
 v - a potion of mutation {unknown}
 w - a potion of heal wounds
 z - a potion of invisibility {unknown}
 H - 2 potions of magic


   Skills:
 * Level 7.2 Fighting
 * Level 6.1 Axes
 + Level 5.0 Armour
 + Level 4.0 Dodging
 + Level 4.9 Shields
 + Level 4.2 Invocations


You had 8 spell levels left.
You didn't know any spells.
Your spell library contained the following spells:

 Spells                   Type           Power      Damage    Failure   Level
 Ensorcelled Hibernation  Hex/Ice        0%         N/A       58%         2
 Sublimation of Blood     Necr           0%         N/A       58%         2
 Wereblood                Tmut           0%         N/A       58%         2
 Dazzling Flash           Conj/Hex       0%         N/A       83%         3
 Summon Guardian Golem    Hex/Summ       0%         N/A       83%         3
 Volatile Blastmotes      Fire/Tloc      0%         2d10      83%         3
 Anguish                  Hex/Necr       0%         N/A       99%         4
 Leda's Liquefaction      Hex/Erth       0%         N/A       99%         4
 Agony                    Necr           0%         N/A       100%        5
 Irradiate                Conj/Tmut      0%         3d11      100%        5
 Lee's Rapid Deconstruct  Erth           0%         3d4*      100%        5
 Silence                  Hex/Air        0%         N/A       100%        5
 Leda's Unmaking          Conj/Erth      0%         9d1       100%        6
 Starburst                Conj/Fire      0%         6d3       100%        6
 Orb of Destruction       Conj           0%         9d5       100%        7
 Spellforged Servitor     Conj/Summ      0%         N/A       100%        7
 Summon Hydra             Summ           0%         N/A       100%        7
 Maxwell's Capacitive Co  Air            0%         ∞         100%        8


Dungeon Overview and Level Annotations

Branches:
Dungeon (8/15)             Temple (1/1) D:6         Ossuary (visited)
   Lair: D:8-11

Altars:
Ashenzari
Dithmenos
Fedhas
Hepliaklqana
Kikubaaqudgha
Makhleb
Nemelex Xobeh
Okawaru
Qazlal
Ru
Sif Muna
Uskayaw
Vehumet
Wu Jian
Xom
Yredelemnul

Shops:
D:3 [   D:6 (

Annotations:
Temple 4 transporters


Innate Abilities, Weirdness & Mutations

You have a pair of small horns on your head.
You have a somewhat thin skeletal structure. (Dex +2, Stealth+)
You regenerate a little health from kills.
You regenerate magic rapidly.


Message History

Your life force feels restored.
You block the kobold's attack.
Things that are here:
a +0 dagger; a curare-tipped dart; a kobold corpse You closely miss the kobold.
The kobold shouts!
Your headbutt misses the kobold. The kobold hits you but does no damage.
The kobold throws a stone.
The stone hits you but does no damage.
You puncture the kobold!
You kill the kobold!
Qazlal accepts your kill.
You hit the two-headed ogre.
The two-headed ogre is lightly wounded.
The two-headed ogre is engulfed in blazing flames.
The two-headed ogre hits you with a +0 dire flail!!
You block the two-headed ogre's attack.
You hit the two-headed ogre but do no damage.
The two-headed ogre is moderately wounded.
You hit the two-headed ogre.
The two-headed ogre is moderately wounded.
The two-headed ogre is engulfed in blazing flames.
The two-headed ogre misses you. x2
You hit the two-headed ogre but do no damage.
Lightning courses through the two-headed ogre!
The two-headed ogre is severely wounded.
The two-headed ogre hits you with a +0 dire flail!
The two-headed ogre hits you with a +0 giant spiked club!!
* * * LOW HITPOINT WARNING * * *
The kobold throws a stone.
You block the stone.
You hit the two-headed ogre.
Your headbutt misses the two-headed ogre.
The two-headed ogre is severely wounded.
The kobold throws a stone.
The stone barely misses you.
The kobold shouts! x2
You hit the two-headed ogre.
The two-headed ogre is severely wounded.
You hear a shout!
You block the two-headed ogre's attack.
The two-headed ogre hits you with a +0 giant spiked club!!
You die...

#.......#..#..##......
.......#....## ......
.....#...### .....
#..#...#.## .....
##.>......... ...#
#...?........ ...#
#.........##..
##☼......... .
#.)@.........
#...O.........
#.....K.......
##...........
..........)
...#....K...
....##....... .....
....KK.


You could see a two-headed ogre and 4 kobolds.

Vanquished Creatures
  3 wyverns
  A sky beast (D:6)
  A black bear (D:6)
  An orc warrior (D:6)
  2 phantoms
  2 kobold brigands
  A bullfrog (Temple)
  A scorpion (D:4)
  2 wights (D:7)
  5 howler monkeys
  A centaur zombie (Ossuary)
  A jelly (D:7)
  6 hounds
  An orc priest (D:6)
  A gnoll bouda (Temple)
  Crazy Yiuf (D:2)
  3 sleepcaps
  An iguana (D:5)
  A hell rat (D:7)
  5 mummies (Ossuary)
  5 gnolls
  6 adders
  A shadow imp (D:6)
  A white imp (D:6)
  3 worms
  2 dart slugs
  19 orcs
  7 ball pythons
  3 bats
  4 endoplasms
  2 giant cockroaches
  10 hobgoblins
  6 jackals
  5 quokkas
  3 frilled lizards
  4 goblins
  A goblin zombie (Ossuary)
  3 hobgoblin zombies (Ossuary)
  A jackal zombie (D:4)
  13 kobolds
  3 kobold zombies
  An orc zombie (Ossuary)
  6 rats
149 creatures vanquished.

Vanquished Creatures (collateral kills)
  Prince Ribbit (D:7)
  3 wights (D:7)
4 creatures vanquished.

Grand Total: 153 creatures vanquished

Notes
Turn   | Place    | Note
-------+----------+-------------------------------------------
     0 | D:1      | HallandMoats the Demonspawn Fighter began the quest for the
                  | Orb.
     0 | D:1      | Reached XP level 1. HP: 18/18 MP: 1/1
   208 | D:1      | Gained mutation: You regenerate magic rapidly. [demonic
                  | ancestry]
   208 | D:1      | Reached XP level 2. HP: 24/24 MP: 2/2
   814 | D:2      | Found a runed translucent door.
   815 | D:2      | Noticed Crazy Yiuf
   828 | D:2      | Killed Crazy Yiuf
   829 | D:2      | Gained mutation: You regenerate a little health from kills.
                  | [demonic ancestry]
   829 | D:2      | Reached XP level 3. HP: 12/29 MP: 3/3
  1107 | D:2      | Reached skill level 1 in Dodging
  1399 | D:2      | Reached XP level 4. HP: 35/35 MP: 4/4
  1446 | D:2      | Identified the +5 short sword "Sunouhei" {elec, Stlth+}
  2306 | D:3      | Found Miucegie's Antique Armour Shop.
  2416 | D:4      | Gained mutation: You have a pair of small horns on your
                  | head. [demonic ancestry]
  2416 | D:4      | Reached XP level 5. HP: 42/42 MP: 5/5
  2423 | D:4      | Reached skill level 4 in Fighting
  2535 | D:4      | Found a sand-covered staircase.
  2549 | Ossuary  | Entered an ossuary
  2671 | Ossuary  | Reached XP level 6. HP: 49/49 MP: 6/6
  3009 | D:4      | You fall into a shaft and drop 3 floors!
  3049 | D:5      | Entered Level 5 of the Dungeon
  3738 | D:5      | Reached skill level 5 in Fighting
  3738 | D:5      | Reached XP level 7. HP: 56/56 MP: 7/7
  3910 | D:6      | Found a staircase to the Ecumenical Temple.
  3919 | Temple   | Found a transporter.
  3919 | Temple   | Found a transporter.
  3919 | Temple   | Found a transporter.
  3919 | Temple   | Found a transporter.
  3919 | Temple   | Entered the Ecumenical Temple
  3962 | Temple   | Became a worshipper of Qazlal Stormbringer
  4024 | D:6      | Found Odau's Antique Weapon Shop.
  4245 | D:6      | Reached skill level 1 in Invocations
  4403 | D:6      | Noticed a wyvern
  4409 | D:6      | Killed a wyvern
  4410 | D:6      | Reached XP level 8. HP: 35/63 MP: 7/9
  4739 | D:6      | Reached skill level 6 in Fighting
  4805 | D:6      | Reached skill level 5 in Axes
  4810 | D:6      | Reached * piety under Qazlal
  4834 | D:6      | Found a broken altar of Ashenzari.
  5354 | D:7      | Noticed Prince Ribbit
  5370 | D:7      | HP: 1/63 [wight/+0 mace (3)]
  5386 | D:7      | Gained mutation: You have a somewhat thin skeletal
                  | structure. (Dex +2, Stealth+) [demonic ancestry]
  5386 | D:7      | Reached XP level 9. HP: 69/71 MP: 11/11
  5391 | D:7      | Killed Prince Ribbit
  5392 | D:7      | Reached skill level 7 in Fighting
  5510 | D:3      | Bought a pair of ancient boots for 266 gold pieces
  5510 | D:3      | Identified the +0 pair of boots of Nuenucakk {MP+9 Str-5
                  | Int+5} (You bought it in a shop on level 3 of the Dungeon)
  6017 | D:8      | Reached skill level 5 in Armour
  6106 | D:8      | Noticed a death yak
  6283 | D:8      | Noticed a death yak
  6283 | D:8      | Noticed a death yak
  6397 | D:8      | Noticed a two-headed ogre
  6409 | D:8      | Mangled by a two-headed ogre

Illustrated notes

Levels and vault maps discovered:
D:1:      psy_arrival_fountain, layout_loops_ring
D:2:      layout_rooms, minmay_misc_feat_encased, uniq_crazy_yiuf_cottage
D:3:      layout_loops_corners, serial_shops, shop
D:4:      layout_cave_pools, enter_ossuary_3, portal_sewer_entry_e,
          serial_bayou_crossing
D:5:      layout_loops_ring
D:6:      layout_basic, evilmike_ruin_ashenzari, tso_metal_star,
          minmay_temple_entry_offerings, serial_shops, shop,
          chequers_decorated_corner, kennysheep_donut
D:7:      layout_cave_pools, bh_walls_and_bars, uniq_prince_ribbit1
D:8:      layout_cave_pools, nicolae_gozag_cash_rules_everything_around_me,
          dpeg_lair_monsters, serial_shops, shop
Temple:   hellmonk_temple_divided_pantheon

Skill      XL: |  1  2  3  4  5  6  7  8  9 |
---------------+----------------------------+-----
Axes           | 2 3 4 5 6 |  6.1
Armour         | 3 4 5 |  5.0
Shields        | 3 4 |  4.9
Dodging        | 1 2 3 4 |  4.0
Fighting       | 4 5 6 7 |  7.2
Invocations    | 1 3 4 |  4.2

Action                     |  1- 3 |  4- 6 |  7- 9 || total
---------------------------+-------+-------+-------++-------
  Melee: War axe           |    81 |       |       ||    81
         Unarmed           |     3 |       |       ||     3
         Whip              |    32 |     8 |       ||    40
         Short sword       |       |   172 |   188 ||   360
         Headbutt          |       |    21 |    40 ||    61
    Use: Potion            |     1 |       |     3 ||     4
         Scroll            |       |     4 |    14 ||    18
 Armour: Scale mail        |    74 |    83 |    77 ||   234
         Leather armour    |       |       |     5 ||     5
  Dodge: Dodged            |    75 |    77 |   111 ||   263
  Block: Buckler           |    37 |    44 |    72 ||   153

Table legend: (Time is in decaauts)
 A = Elapsed time spent in this place.
 B = Non-inter-level travel time spent in this place.
 C = Inter-level travel time spent in this place.
 D = Time resting spent in this place.
 E = Time spent auto-exploring this place.
 F = Levels seen in this place.
 G = Mean time per level.
                   A        B        C        D        E       F      G
               +--------+--------+--------+--------+--------+-----+--------+
         Total |   6463 |   6132 |    331 |    582 |   3646 |  10 |  646.3 |
       Dungeon |   5950 |   5619 |    331 |    360 |   3635 |   8 |  743.8 |
        Temple |    319 |    319 |      0 |    222 |      0 |   1 |  319.0 |
       Ossuary |    194 |    194 |      0 |      0 |     11 |   1 |  194.0 |
               +--------+--------+--------+--------+--------+-----+--------+

Top non-repeatable levels by time:
     D:6: 1072 daAuts
     D:7: 942 daAuts
     D:3: 880 daAuts
     D:2: 820 daAuts
     D:1: 755 daAuts
     D:4: 747 daAuts
     D:5: 578 daAuts
  Temple: 319 daAuts
 Ossuary: 194 daAuts
     D:8: 154 daAuts
